 Dungeon Sprint DCSS version bcrawl-1.23.1-30-gcf7fa35852 (webtiles) character file.

Game seed: 9333147142761914719

50 funkygono the Skirmisher (level 3, -8/34 HPs)
             Began as a Demonspawn Abyssal Knight on May 30, 2020.
             Was a Believer of Lugonu.
             Mangled by Crazy Yiuf
             ... wielding a +4 quarterstaff of chaos
              (12 damage)
             ... in the Dungeon (Sprint III: "The Ten Rune Challenge").
             The game lasted 00:00:56 (293 turns).

funkygono the Skirmisher (Demonspawn Abyssal Knight) Turns: 293, Time: 00:00:57

Health: -8/34      AC:  3    Str: 13    XL:     3   Next: 55%
Magic:  5/5        EV: 11    Int: 13    God:    Lugonu [**....]
Gold:   30         SH:  0    Dex: 12    Spells: 2/2 levels left

rFire    . . .     SeeInvis .   a - +1 mace
rCold    . . .     Gourm    .   (no shield)
rNeg     . . .     Faith    .   b - +0 leather armour
rPois    .         Spirit   .   (no helmet)
rElec    .         Reflect  .   (no cloak)
rCorr    .         Harm     .   (no gloves)
MR       .....     NoTele   +   (no boots)
Stlth    +.........             (no amulet)
HPRegen  0.11/turn              (no ring)
MPRegen  0.09/turn              (no ring)

@: berserk cooldown, slowed, very slow
A: claws 1
a: Bend Space, Banish, Renounce Religion


You were in the Dungeon.
You worshipped Lugonu.
Lugonu was pleased with you.
You were not hungry.

You visited 1 branch You collected 30 gold pieces.

Inventory:

Hand Weapons
 a - a +1 mace (weapon)
Missiles
 c - 10 tomahawks of dispersal (quivered)
 d - 40 stones
Armour
 b - a +0 leather armour (worn)
 m - a +1 robe of magic resistance
Scrolls
 k - a scroll of blinking
Potions
 f - a potion of curing
 h - a potion of haste
 i - 2 potions of magic
Comestibles
 e - a ration {!d}


   Skills:
 + Level 5.8 Fighting
 + Level 3.1 Maces & Flails
 + Level 1.0 Throwing
 + Level 3.3 Armour
 + Level 1.2 Dodging
 + Level 3.9 Invocations


You had 2 spell levels left.
You didn't know any spells.
Your spell library was empty.

Dungeon Overview and Level Annotations

Branches:
Dungeon (1/1)

Altars:

Annotations:
D Crazy Yiuf


Innate Abilities, Weirdness & Mutations

You have sharp fingernails.


Message History

Crazy Yiuf shouts!
You hit Crazy Yiuf.
Crazy Yiuf is moderately wounded.
You are no longer berserk.
You are exhausted.
You feel yourself slow down. Crazy Yiuf misses you.
You hit Crazy Yiuf but do no damage.
Crazy Yiuf is moderately wounded.
Crazy Yiuf barely misses you.
Crazy Yiuf zaps a wand.
You are blasted!
Ouch! That really hurt!
* * * LOW HITPOINT WARNING * * *
You barely miss Crazy Yiuf.
Crazy Yiuf is moderately wounded.
Crazy Yiuf closely misses you.
You hit Crazy Yiuf.
Crazy Yiuf is moderately wounded.
Crazy Yiuf zaps a wand.
You are blasted!
* * * LOW HITPOINT WARNING * * *
Crazy Yiuf hits you with a +4 quarterstaff of chaos!
You die...

▓...#......##
▓..##.......# ..#
▓##.##.##...# ..#
##.##.###.)# #..#
▓#.####.##..# ...+
▓.###..##..## #...#
▓#..÷..##..###....#
###..##...##.....#
##..##....#.@g...#
#..###..##†#.....#
#..# #.. ####....#
▓▓▓▓ ▓▓▓ ▓▓▓▓▓


You could see Crazy Yiuf.

Vanquished Creatures
  Jessica (D)
  A human (D)
  An ooze (D)
  2 rats (D)
5 creatures vanquished.

Vanquished Creatures (others)
  2 draconian scorchers (D)
  6 hellions (D)
  4 plants (D)
12 creatures vanquished.

Grand Total: 17 creatures vanquished

Notes
Turn   | Place    | Note
-------+----------+-------------------------------------------
     0 | D        | funkygono the Demonspawn Abyssal Knight began the quest for
                  | the Orb.
     0 | D        | Reached XP level 1. HP: 18/18 MP: 2/2
    13 | D        | Reached ** piety under Lugonu
    13 | D        | Reached skill level 4 in Fighting
    64 | D        | Noticed Jessica
    73 | D        | Killed Jessica
    73 | D        | Reached skill level 5 in Fighting
    73 | D        | Reached skill level 1 in Throwing
    73 | D        | Reached skill level 1 in Dodging
    73 | D        | Gained mutation: You have sharp fingernails. [demonic
                  | ancestry]
    73 | D        | Reached XP level 2. HP: 9/27 MP: 4/4
    73 | D        | Reached XP level 3. HP: 11/33 MP: 5/5
    76 | D        | Killed a hellion
    86 | D        | Killed a hellion
    87 | D        | Killed a hellion
   101 | D        | Killed a hellion
   124 | D        | Killed a hellion
   146 | D        | Killed a hellion
   188 | D        | Killed a white draconian scorcher
   267 | D        | Noticed Crazy Yiuf
   275 | D        | Killed a white draconian scorcher
   279 | D        | HP: 1/33 [human (9)]
   293 | D        | Mangled by Crazy Yiuf

Skill      XL: |  1  2  3 |
---------------+----------+-----
Fighting       | 5 |  5.8
Maces & Flails | 2 3 |  3.1
Armour         | 3 |  3.3
Invocations    | 3 |  3.9
Throwing       | 1 |  1.0
Dodging        | 1 |  1.2

Action                   || total
-------------------------++-------
Melee: Mace              ||    30
  Use: Potion            ||     2
Armor: Leather armour    ||     3
Dodge: Dodged            ||    16
